[Event "Prague Festival Open 2022"]
[Site "Prague"]
[Date "2022.06.17"]
[Round "9.8"]
[White "Niedbala, Bartlomiej"]
[Black "Iniyan, P."]
[Result "0-1"]
[ECO "C95"]
[WhiteElo "2384"]
[BlackElo "2518"]
[Annotator "TA"]
[PlyCount "166"]
[EventDate "2022.06.10"]
[EventType "swiss"]
[EventCountry "CZE"]
[SourceTitle "playchess.com"]
[Source "ChessBase"]
[SourceQuality "1"]
[TimeControl "40/5400+30:1800+30"]

1. e4 e5 2. Nf3 Nc6 3. Bb5 a6 4. Ba4 Nf6 5. O-O b5 6. Bb3 Be7 7. Re1 d6 8. c3 O-O 9. h3 Nb8 10. d4 Nbd7 11. Nbd2 Bb7 12. Bc2 Re8 13. Nf1 Bf8 14. Ng3 g6 15. Bd2 Bg7 16. Qc1 {[%emt 0:00:39] C95: Closed Ruy Lopez: Breyer Variation with 10 d4.} Re7 (16... d5 $11) 17. Bh6 {[%emt 0:03:50] [#]} Bxh6 $146 ({Predecessor:} 17... Bh8 18. Qg5 Qb8 19. Rad1 Qa7 20. Re2 Rd8 21. dxe5 Nc5 22. exf6 Re6 23. Nd4 Bxf6 24. Qd2 Re5 25. Bf4 Ree8 26. Bg5 Bxg5 27. Qxg5 Qa8 28. Nh5 Re5 29. Nf5 Nd7 30. Qh6 {1-0 (30) Bress,A (1604)-Do,N (1757) Willingen 2016}) 18. Qxh6 {[%emt 0:01:39] White is slightly better.} Qf8 19. Qd2 c5 20. d5 Ne8 21. b3 f6 22. a4 Nc7 23. Ra2 Nb6 24. axb5 axb5 25. Rea1 Rb8 26. Ra7 Bc8 27. b4 c4 (27... Nca8 $14 {might be stronger.}) 28. Kh2 h5 (28... Ne8 $14) 29. Nh4 $16 Kh7 (29... Qg7 $16 30. R7a5 Rd7) 30. f4 $1 $18 Qh6 31. Rf1 Ra8 32. Rxa8 Ncxa8 33. Qc1 Ra7 34. Qd1 (34. Rf3 $16) 34... exf4 $11 35. Ne2 g5 36. e5+ Kg8 {[%emt 0:00:27] [#]} 37. exd6 gxh4 38. Nxf4 f5 $1 39. Nxh5 $2 (39. Kh1 $11) 39... Qxd6+ (39... Rf7 $1 $19 40. Kh1 Qxd6) 40. Kh1 (40. Kg1 $142 Rf7 41. Bxf5 Nxd5 42. Bxc8 Qb6+ 43. Qd4 (43. Kh1 $2 Ne3 $19)) 40... Rf7 $1 $17 {[%emt 0:02:54] Hoping for ...Nc7.} (40... Nxd5 $6 41. Bxf5 Rf7 42. Bxc8 Rxf1+ 43. Qxf1 $11) 41. Bxf5 Qxd5 (41... Bxf5 42. Rxf5 Rxf5 43. Qg4+ Kf8 44. Qxf5+ Ke7 45. Nf4 $17) (41... Rxf5 42. Qg4+ Kf8 43. Rxf5+ Bxf5 44. Qg7+ (44. Qxf5+ Ke7 $17) 44... Ke8 45. Nf6+ Kd8 46. Qh8+ Ke7 47. Qg7+ Kd8 48. Qh8+ Ke7 49. Qg7+ Kd8 $11) 42. Qg4+ (42. Bg6 $142 Qxd1 43. Bxf7+ Kf8 44. Rxd1 Kxf7 45. Nf4) 42... Kf8 $19 43. Qg5 {[%emt 0:02:50][%cal Of1e1] aiming for Re1!} Qd6 ({Not} 43... Rxf5 44. Qg7+ Ke8 45. Nf6+ (45. Re1+ $2 Be6 $19) 45... Rxf6 46. Rxf6 $17) (43... Bxf5 $142 44. Nf6 Rg7 45. Qxg7+ Kxg7 46. Nxd5 Nxd5 47. Rxf5 Nxc3 48. Rg5+ Kf7) 44. Rf3 Bxf5 (44... Bb7 $2 45. Bd7 $1 Qd1+ 46. Kh2 Qd6+ 47. Rf4 Qxf4+ 48. Nxf4 Rxd7 49. Qxh4 $18) 45. Rxf5 Rxf5 46. Qxf5+ {[%emt 0:00:10] [#]} Ke7 $1 47. Qg5+ Kd7 48. Qxb5+ Kc7 {[%emt 0:00:10] Threatens to win with ...Qe7.} 49. Ng7 Qd5 50. Qe8 Nd7 (50... Kb7 $17 {And now ...Nc7 would win.} 51. Qe7+ Nd7) 51. Ne6+ $11 Kd6 (51... Kb7 $2 {[#]} 52. Qxa8+ $3 Kxa8 53. Nc7+ Kb7 54. Nxd5 $18) 52. Nd4 Nab6 53. Qe1 ({Of course not} 53. Qd8 Qe4 54. Qg8 (54. Nf3 $2 Nd5 $19) 54... Kc7 $19) 53... Qh5 54. Qe6+ Kc7 55. Qc6+ Kd8 56. Qd6 Qd1+ (56... Qd5 $2 57. Nc6+ Qxc6 58. Qxc6 $18) 57. Kh2 Qd3 58. Nc6+ $2 (58. Ne6+ $11 {and White stays safe.} Ke8 59. Nc7+ Kd8 60. Ne6+ Ke8 61. Nc7+ Kd8 62. Ne6+) 58... Kc8 $19 59. Ne7+ $2 (59. Nd4) 59... Kb7 60. Qc6+ Kb8 {[%emt 0:00:07] Strongly threatening ...Qg3+.} 61. Kh1 Qf1+ 62. Kh2 Qf4+ 63. Kh1 Qc1+ 64. Kh2 Qxc3 65. Qd6+ Kb7 {[%emt 0:00:05][%cal Oc3g3] ...Qg3+! is the strong threat.} 66. Qc6+ Ka6 {[%emt 0:00:41] ( -> ...Qe5+)} 67. Nc8 Qe5+ 68. Kh1 Qd5 69. b5+ Ka5 70. Nd6 Qd4 71. Ne4 Ne5 72. Qb7 Kxb5 (72... Nd3 $142 73. Kh2 Qe5+ 74. Kg1 c3) 73. Kh2 c3 {[%emt 0:00:36] Black mates.} 74. Nxc3+ Qxc3 75. Qe4 Qg3+ 76. Kh1 Nbc4 77. Qb7+ Kc5 78. Qa7+ Kd5 79. Qb7+ Kd4 80. Qa7+ Kd3 81. Qh7+ Kd2 82. Qh6+ Ne3 83. Qd6+ Nd3 {[%emt 0:00:18] A wild game.  Weighted Error Value: White=0.44/Black=0.22 (precise)} 0-1

[Event "Prague Festival Open 2022"]
[Site "Prague"]
[Date "2022.06.17"]
[Round "9.9"]
[White "Omelja, Artem"]
[Black "Zylka, Stanislaw"]
[Result "0-1"]
[ECO "A11"]
[WhiteElo "2515"]
[BlackElo "2374"]
[Annotator "TA"]
[PlyCount "70"]
[EventDate "2022.06.10"]
[EventType "swiss"]
[EventCountry "CZE"]
[SourceTitle "playchess.com"]
[Source "ChessBase"]
[SourceQuality "1"]
[TimeControl "40/5400+30:1800+30"]

1. Nf3 d5 2. e3 Nf6 3. c4 e6 4. b3 Nbd7 5. Bb2 c6 6. Nc3 a6 {[%emt 0:03:13] A11: English Opening: 1...c6.} 7. d4 b5 8. Bd3 (8. cxb5 axb5 9. a3 Bd6 $11) 8... Be7 {[%emt 0:09:19] White is slightly better.} 9. O-O ({Much weaker is} 9. cxb5 axb5 10. a3 O-O $11) 9... O-O 10. Qc2 (10. c5 $14) 10... h6 (10... bxc4 $11 11. bxc4 dxc4 12. Bxc4 c5) 11. e4 b4 12. Na4 dxe4 13. Bxe4 {[%emt 0:00:06] [#]} Bb7 $146 ({Predecessor:} 13... Nxe4 14. Qxe4 Qc7 15. Rad1 Bb7 16. Qe3 Rfe8 17. Rd2 Rad8 18. Rfd1 c5 19. Nxc5 Nxc5 20. dxc5 Bxc5 {½-½ (33) Tunik,G (2475)-Burmakin,V (2535) Moscow 1996}) 14. Ne5 Nxe5 15. dxe5 Nxe4 16. Qxe4 Qc7 17. c5 $1 Qa5 18. Rac1 Qb5 19. Rc4 a5 20. Rd1 Rad8 {[%emt 0:03:40] [#]} 21. Rd6 Ba6 {[%emt 0:07:49] [#]} (21... Qa6 22. Nb6) 22. Nb6 $1 f6 {[%emt 0:04:42] [#]} (22... Bc8 23. Bd4) 23. h4 Bxd6 $14 24. exd6 e5 25. Qe3 (25. Bc1 $1 $14) 25... h5 (25... Bc8 {is more appropriate.}) 26. f4 exf4 27. Qe6+ Kh8 28. d7 {[%emt 0:00:27] Bc1 is the strong threat.} a4 $1 29. Qe7 axb3 $1 30. axb3 f3 $1 31. g4 $2 {[%emt 0:06:16][%mdl 8192] [#] This move loses the game for White.} (31. gxf3 $11 {and White is okay.} Qa5 32. Rc2 (32. Rc1 $2 Qa2 $19)) 31... Qa5 $1 $19 {[%emt 0:04:35] Black is clearly winning.} (31... hxg4 32. Kf2 Rg8 33. h5 $18) 32. Bxf6 (32. Rc2 $142 hxg4 33. Qe3) 32... f2+ 33. Kf1 gxf6 34. Qe3 Bxc4+ 35. bxc4 Qa1+ {[%emt 0:00:29] Weighted Error Value: White=0.81/Black=0.12 (very precise)} 0-1

[Event "Prague Festival Open 2022"]
[Site "Prague"]
[Date "2022.06.17"]
[Round "9.10"]
[White "Sedlak, Nikola"]
[Black "Molenda, Marcin"]
[Result "1/2-1/2"]
[ECO "A30"]
[WhiteElo "2476"]
[BlackElo "2368"]
[Annotator "TA"]
[PlyCount "111"]
[EventDate "2022.06.10"]
[EventType "swiss"]
[EventCountry "CZE"]
[SourceTitle "playchess.com"]
[Source "ChessBase"]
[SourceQuality "1"]
[TimeControl "40/5400+30:1800+30"]

1. Nf3 Nf6 2. g3 g6 3. b3 c5 4. c4 Bg7 5. Bb2 b6 6. Bg2 Bb7 7. O-O O-O 8. e3 d5 9. cxd5 {[%emt 0:04:41] A30: Symmetrical English: Double Fianchetto and Hedgehog.} Qxd5 10. Nc3 Qd8 11. d4 {[%emt 0:02:25] White has an edge.} cxd4 12. Nxd4 Bxg2 13. Kxg2 a6 14. Qf3 Ra7 {[%emt 0:00:08] [#]} 15. Rfd1 $146 {[%emt 0:02:24][%cal Od4e6][%mdl 2048] Black must now prevent Ne6! White is more active.} ({Predecessor:} 15. a4 Rd7 16. Rfd1 Qc7 17. Rac1 Qb7 18. Qxb7 Rxb7 19. b4 e5 20. Nf3 Re8 21. b5 {1-0 (60) Goban,M (2108)-Mrva,V (2063) Slovakia 2018}) 15... Rd7 16. Rac1 b5 17. a4 bxa4 18. Nxa4 {[%emt 0:00:22] Nc5 is the strong threat.} e5 19. Nc2 e4 20. Qe2 {[%emt 0:00:07] White is more active.} Nd5 21. Bxg7 Kxg7 22. Nd4 Qf6 23. Qg4 Re8 24. h4 (24. Nc5 $5 Rde7 25. Kg1 $14) 24... h5 25. Qg5 Qxg5 26. hxg5 Nb4 27. Nc5 {[%emt 0:02:03][%cal Od4e6] aiming for Nde6+!} Rd5 28. Rc4 N4c6 {[%emt 0:08:17] [#]} 29. Nxa6 $1 Nxa6 (29... Nxd4 $2 30. Nc7 Red8 31. Nxd5 $18 (31. Rcxd4 Rxd4 32. Rxd4 Rxd4 $16) (31. exd4 Rxg5 32. Re1 Rg4 $14) (31. Rdxd4 Rxd4 32. exd4 Kf8 $16)) 30. Rxc6 Nb4 31. Rb6 Nd3 32. Ra1 Rxg5 33. Ra7 Kg8 (33... Rd5 $11) 34. Rbb7 $16 Ne5 35. Re7 ({White should try} 35. Nb5 $16) 35... Rc8 $2 (35... Rxe7 $11 {and Black has nothing to worry.} 36. Rxe7 Kf8) 36. Ra5 $2 (36. b4 $18) 36... Nf3 $1 $11 37. Rxg5 Nxg5 {[%emt 0:00:01][%mdl 4096] Endgame KRN-KRN} 38. b4 Rb8 39. Re5 f6 40. Rb5 Rxb5 41. Nxb5 {[%emt 0:30:07] KN-KN} Kf7 42. Nc3 Ke6 43. b5 {[%emt 0:00:00] White is slightly better.} Kd6 44. b6 Kc6 {[%emt 0:08:33] [#]} 45. Nd5 $1 Nh7 (45... Kxd5 $2 46. b7 $18) (45... f5 46. Ne7+) 46. Ne7+ Kxb6 47. Nxg6 Kc5 48. Nf4 Kd6 49. Nxh5 f5 50. g4 fxg4 51. Kg3 {[%emt 0:00:00] Strongly threatening Kf4.} Ke5 52. Kxg4 Nf8 53. Nf4 Nd7 54. Kg5 Nc5 55. Ng6+ Ke6 56. Kf4 {[%emt 0:00:00] Weighted Error Value: White=0.12 (very precise) /Black=0.13 (very precise)} 1/2-1/2

[Event "Prague Festival Open 2022"]
[Site "Prague"]
[Date "2022.06.17"]
[Round "9.11"]
[White "Suarez Uriel, Adrian"]
[Black "Garcia Ramos, Daniel"]
[Result "1/2-1/2"]
[ECO "B14"]
[WhiteElo "2370"]
[BlackElo "2441"]
[Annotator "TA"]
[PlyCount "199"]
[EventDate "2022.06.10"]
[EventType "swiss"]
[EventCountry "CZE"]
[SourceTitle "playchess.com"]
[Source "ChessBase"]
[SourceQuality "1"]
[TimeControl "40/5400+30:1800+30"]

1. e4 c6 2. d4 d5 3. exd5 cxd5 4. c4 Nf6 5. Nc3 e6 6. Nf3 Bb4 7. cxd5 Nxd5 8. Qc2 h6 9. Bd3 O-O 10. O-O Nc6 11. a3 Bd6 12. Rd1 Re8 13. Qe2 Bd7 14. Bc2 Qe7 15. Ne5 Rad8 16. Qd3 f5 17. Nxd5 exd5 18. Nf3 Bb8 19. Bd2 Qf6 20. b4 Re4 21. Be3 ({White should play} 21. Bc3) 21... Be6 22. Nd2 Rg4 23. h3 Rh4 24. Nf3 Re4 25. b5 (25. Rac1 $5 ) 25... Na5 26. Qc3 {[%emt 0:00:23] [#]} (26. Re1 $11 {was preferrable.}) 26... Rc8 (26... Nc4 $1 $15) 27. Qxa5 $11 Rxc2 28. Rac1 Rxc1 29. Rxc1 f4 30. Bd2 Kh7 31. b6 a6 32. Qa4 Bf5 33. Rc5 (33. Qb3 $11 {remains equal.}) 33... Re2 (33... Qxb6 $17 34. Qd1 Qe6) 34. Qd1 $11 Qe6 35. Ne5 Re4 36. Nf3 Bg6 (36... Bd6 $5 37. Rc3 Qg6 $15) 37. Qb3 Bf7 (37... Bd6 $5 38. Rc3 (38. Rxd5 $2 Bf7 $19) 38... Bh5 $17) 38. a4 Bd6 39. Rc1 (39. Rc7 $11 Bxc7 40. bxc7) 39... Bh5 $1 $17 40. Qd3 (40. a5 $1 $15) 40... Bg6 (40... Bxf3 $17 41. gxf3 Qg6+ 42. Kh2 Re6 43. Qxg6+ Kxg6) 41. Qb3 $11 Bh5 42. Qc3 $2 (42. Qd3 $11) 42... Bxf3 $19 43. gxf3 {[%emt 0:00:01] [#]} Qg6+ (43... Qxh3 $1 $19 {and Black stays clearly on top. White must now prevent ...Re6.} 44. Qd3 (44. fxe4 $2 f3 $19) 44... Kg8) 44. Kf1 $17 Re8 45. Qc2 Qxc2 46. Rxc2 Kg6 47. Rc1 Kf5 48. Rc2 Ke6 49. Ke2 Kd7+ 50. Kd3 Re6 ({Better is} 50... Rc8 $17 {Hoping for ...Rxc2.} 51. Ra2 Rc4) 51. Rc3 $2 (51. h4 $11 {and White is okay.}) 51... Rg6 $1 $19 52. Bc1 Rg2 53. Ke2 Rg1 $1 54. a5 h5 (54... g5 $142 $1 55. Ba3 Bxa3 56. Rxa3 Rc1) 55. Ba3 $17 Bxa3 56. Rxa3 Rc1 ({Reject} 56... Rh1 57. Rc3 $11) 57. Kd2 Rc4 $1 58. Kd3 {[%emt 0:00:01] [#]} Kc6 $1 59. Rb3 Rc1 60. Rb2 (60. Kd2 $15 Rc4 61. Kd3) 60... Rd1+ $17 61. Kc3 {[%emt 0:00:07] [#]} Rh1 (61... Ra1 $142 $1 62. Kb4 Rc1) 62. h4 Kd6 (62... g5 $17 63. hxg5 h4) 63. Rc2 $1 $15 Rxh4 64. Kb3 ({White should try} 64. Kd2 $15) 64... Rh1 (64... Rh3 $17 65. Rc7 Rxf3+ 66. Kb4 Rxf2 67. Rxb7 Rb2+ 68. Kc3 Rb5 69. Rxg7 Rxa5) 65. Rc7 $11 h4 66. Rxg7 h3 67. Rg6+ Ke7 68. Rg7+ Kf6 69. Rh7 Kg6 70. Rh4 h2 71. Kb2 Kg5 72. Rh7 Kf6 73. Rh6+ Kg7 74. Rh4 Kg6 75. Rh3 Kf5 76. Rh6 Kg5 77. Rh3 Kf6 78. Rh6+ Ke7 79. Rh5 Kd6 80. Rh6+ $1 Kd7 81. Ka2 $1 Rd1 82. Rxh2 Rxd4 83. Kb3 Kc6 84. Rh7 Kb5 85. Rxb7 Kxa5 86. Kc3 Ra4 87. Rb8 Ra3+ 88. Kd4 Rxf3 89. Kxd5 ({Much weaker is} 89. b7 Kb6 90. Kxd5 Rxf2 $15) 89... Rxf2 90. Ke4 Rf1 91. b7 Kb6 92. Rf8 Kxb7 93. Rxf4 Rd1 94. Ke3 Kc6 95. Rd4 Rc1 (95... Rh1 $5 ) 96. Kd2 Rc5 97. Rd3 Kb5 98. Rc3 Rh5 99. Kc2 a5 100. Kb2 1/2-1/2

[Event "Prague Festival Open 2022"]
[Site "Prague"]
[Date "2022.06.17"]
[Round "9.12"]
[White "Raja Harshit"]
[Black "Wagh Suyog"]
[Result "0-1"]
[ECO "B12"]
[WhiteElo "2479"]
[BlackElo "2352"]
[Annotator "TA"]
[PlyCount "78"]
[EventDate "2022.06.10"]
[EventType "swiss"]
[EventCountry "CZE"]
[SourceTitle "playchess.com"]
[Source "ChessBase"]
[SourceQuality "1"]
[TimeControl "40/5400+30:1800+30"]

1. e4 c6 2. d4 d5 3. e5 Bf5 4. h4 h5 5. c4 e6 6. Nc3 Qb6 {[%emt 0:19:37] B12: Caro-Kann: Advance Variation.} 7. Nge2 {[%emt 0:08:01] [#]} (7. c5 $14 Qc7 8. Bd3) 7... Nd7 $146 (7... dxc4 $11 {should be considered.} 8. Ng3 Bg6) ({Predecessor:} 7... Ne7 8. Ng3 Bg4 9. f3 Bf5 10. Na4 Qc7 11. Bg5 Bg6 12. f4 Nd7 13. Bxe7 Bxe7 14. cxd5 {1-0 (35) Patricio,A-Salvado,S Honra 1998}) 8. Ng3 $14 Bg6 {[%emt 0:00:48] White is slightly better.} 9. c5 Qd8 10. Bd3 (10. b4 $14) 10... Bxd3 $11 11. Qxd3 Be7 12. Nce2 Nf8 13. Qb3 ({White should play} 13. b4 $11) 13... Rb8 ({Better is} 13... b6 $1 $15) 14. Qa4 a6 15. Bd2 Ng6 (15... Bxh4 {seems wilder.} 16. Ba5 Qg5 17. Nf1 Qg4) 16. O-O-O Bxh4 17. f4 N8e7 {[%emt 0:00:20] Prevents f5.} 18. f5 (18. Nf1 $14) 18... exf5 19. Rxh4 Nxh4 $17 20. Bg5 Nhg6 {[%emt 0:03:32] And now ...Qc8 would win.} ({Reject} 20... Nxg2 $6 21. Nxf5 Nxf5 22. Bxd8 Rxd8 23. Qb3 $11) 21. Nxf5 {[%emt 0:00:05] [#]} Qd7 $1 ({And not} 21... O-O 22. Nf4 Qd7 23. Nxe7+ Nxe7 24. Nxh5 $17) 22. Nd6+ Kf8 23. Rf1 Kg8 24. Rxf7 $2 {[%emt 0:00:26] Now White is beyond hope.} (24. Qd1 $17) 24... Rf8 25. Rxf8+ Nxf8 26. Qb3 Neg6 27. Be3 h4 {[%emt 0:00:16] [#] White must now prevent ...h3.} 28. Qxb7 (28. Ng1 $17) 28... Qxb7 $19 29. Nxb7 Ne6 {[%emt 0:01:05] Prevents Nd8.} 30. Kd2 (30. Nd6 $142) 30... Ne7 31. Nf4 Nxf4 32. Bxf4 {[%emt 0:00:01][%mdl 4096] Endgame KRN-KBN} Kf7 33. Bg5 Nf5 {[%emt 0:00:43] Black is clearly winning.} 34. Na5 Nxd4 35. Be3 Nf5 {[%emt 0:00:13] aiming for ...Rb8.} ({Wrong is} 35... h3 $2 36. gxh3 Nf3+ 37. Ke2 Nxe5 38. Bd4 $19) 36. Bf2 Rh6 37. b4 g5 {[%emt 0:00:19][%cal Bg7g5,Bg5g4][%mdl 32] Hoping for ...g4.} 38. a4 g4 {[%emt 0:00:14] ...h3 is the strong threat.} 39. Nxc6 Rxc6 {[%emt 0:00:57] Weighted Error Value: White=0.60/Black=0.16 (very precise)} 0-1